 Dungeon Crawl Stone Soup version 0.27-b1-41-gafb5482f4b (webtiles) character file.

Game seed: 16901568379607565276

1012 pikapanic the Twirler (level 8, -2/64 HPs)
             Began as a Palentonga Fighter on July 28, 2021.
             Was an Initiate of Makhleb.
             Slain by an orc warrior (11 damage)
             ... on level 6 of the Dungeon.
             The game lasted 00:17:47 (4905 turns).

pikapanic the Twirler (Palentonga Fighter)          Turns: 4905, Time: 00:17:48

Health: -2/64      AC: 24    Str: 23    XL:     8   Next: 1%
Magic:  8/8        EV:  4    Int:  8    God:    Makhleb [......]
Gold:   409        SH:  0    Dex:  9    Spells: 7/7 levels left

rFire    . . .     SeeInvis +   m - +8 quarterstaff of Fympowot {speed, Will+}
rCold    + . .     Faith    .   (shield currently unavailable)
rNeg     . . .     Spirit   .   o - +0 chain mail
rPois    .         Reflect  .   (no helmet)
rElec    .         Harm     .   r - +0 cloak
rCorr    .         Rampage  .   t - +2 pair of gloves
Will     +....                  n - +0 barding of the Storm King {rC+ Stlth+}
Stlth    ..........             (no amulet)
HPRegen  0.20/turn              u - ring of flight
MPRegen  0.11/turn              (no ring)

@: flying, curled up
A: large, rugged brown scales 3, see invisible, deformed body, roll 1, armoured
tail, reflexive curl
a: Rolling Charge, Renounce Religion


You were on level 6 of the Dungeon.
You worshipped Makhleb.
Makhleb was noncommittal.
You visited 2 branches of the dungeon, and saw 7 of its levels.

You collected 409 gold pieces.

Inventory:

Hand Weapons
 a - a +0 long sword
 e - a +0 dagger of protection
 f - a +1 bardiche of protection
 h - a +3 dagger
 m - the +8 quarterstaff of Fympowot (weapon) {speed, Will+}
   (You acquired it on level 2 of the Dungeon)

   Attacks with this weapon are significantly faster.
   Will:      It increases your willpower.
 q - a +2 quarterstaff of chaos
Armour
 b - a +0 scale mail
 c - a +0 kite shield
 n - the +0 barding of the Storm King (worn) {rC+ Stlth+}
   (You acquired it on level 2 of the Dungeon)

   rC:        It protects you from cold.
   Stlth:     It makes you more stealthy.
 o - a +0 chain mail (worn)
 r - a +0 cloak (worn)
 t - a +2 pair of gloves (worn)
 D - a +0 pair of boots
Jewellery
 u - a ring of flight (left hand)
 y - a ring of protection from cold
 B - an amulet of guardian spirit
 F - a ring of fire
Wands
 C - a wand of paralysis (12)
 E - a wand of mindburst (9)
Scrolls
 g - a scroll of identify
 w - a scroll of magic mapping {unknown}
 x - a scroll of blinking {unknown}
 z - a scroll of fog {unknown}
Potions
 d - 2 potions of might
 i - a potion of ambrosia {unknown}
 j - a potion of curing {unknown}
 k - 2 potions of flight
 p - 2 potions of brilliance
 s - 2 potions of magic
 v - a potion of heal wounds {unknown}
 A - a potion of berserk rage {unknown}


   Skills:
 + Level 4.3 Fighting
 - Level 2.8 Long Blades
 * Level 7.1 Staves
 + Level 4.2 Armour
 + Level 0.4 Stealth
 - Level 2.4 Shields


You had 7 spell levels left.
You didn't know any spells.
Your spell library contained the following spells:

 Spells                   Type           Power      Damage    Failure   Level
 Corona                   Hex            0%         N/A       97%         1
 Magic Dart               Conj           0%         1d3       97%         1
 Call Imp                 Summ           0%         N/A       99%         2
 Ensorcelled Hibernation  Hex/Ice        0%         N/A       99%         2
 Slow                     Hex            0%         N/A       99%         2
 Confusing Touch          Hex            0%         N/A       100%        3
 Mephitic Cloud           Conj/Pois/Air  0%         N/A       100%        3
 Tukima's Dance           Hex            0%         N/A       100%        3
 Vampiric Draining        Necr           0%         2d6       100%        3


Dungeon Overview and Level Annotations

Branches:
Dungeon (6/15)             Temple (1/1) D:5

Altars:
Ashenzari
Cheibriados
Gozag
Kikubaaqudgha
Makhleb
Nemelex Xobeh
Qazlal
Ru
Sif Muna
Trog
Uskayaw
Vehumet
Xom
Zin
The Shining One

Annotations:
D:5 Eustachio


Innate Abilities, Weirdness & Mutations

You are completely covered in rugged brown scales. (AC +3, +7% HP)
You have supernaturally acute eyesight. (SInv)
Armour fits poorly on your strangely shaped body.
You can roll at nearby foes to attack.
You have a long armoured tail.
You curl defensively after being hit.


Message History

The orc warrior barely misses you.
Things that are here:
a +0 flail; a +0 leather armour; a +0 flail You closely miss the orc warrior.
The orc warrior hits you but does no damage.
You hit the orc warrior.
The orc warrior is lightly wounded.
You hit the orc warrior.
The orc warrior is lightly wounded.
The orc warrior hits you with a +0 glaive!
You hit the orc warrior.
Your tail-slap misses the orc warrior.
The orc warrior is lightly wounded.
The orc warrior hits you with a +0 glaive.
You hit the orc warrior.
Your tail-slap misses the orc warrior.
The orc warrior is moderately wounded.
You closely miss the orc warrior.
The orc warrior is moderately wounded.
The orc warrior hits you with a +0 glaive.
The orc warrior hits you but does no damage.
There is an open door here.
The orc warrior hits you but does no damage.
You are too injured to fight recklessly!
Roll where?
Press: ? - help, Q - select action, (/) - cycle Dir - move target, f - orc warrior
Aim: an orc warrior, wielding a +0 glaive and wearing a +0 chain mail (moderately wounded)
You roll forward with a clatter of scales!
You completely miss the orc warrior.
The orc warrior is moderately wounded.
The orc warrior hits you with a +0 glaive!
* * * LOW HITPOINT WARNING * * *
You barely miss the orc warrior.
The orc warrior is moderately wounded.
The orc warrior barely misses you. The orc warrior barely misses you.
The orc warrior hits you from afar with a +0 glaive!
* * * LOW HITPOINT WARNING * * *
The orc warrior hits you from afar with a +0 glaive.
* * * LOW HITPOINT WARNING * * *
The orc warrior hits you from afar with a +0 glaive!
You die...

###### #..... #.≈≈≈≈
#.≈##≈ #.≈### #.≈≈#.
###################.≈≈#.
.......@.o..........≈≈#.
####################≈###
#######≈##≈ #......≈≈≈≈
#.......### #.......#
#.......# ### #.
#.......# ..# #.#
###.......#


You could see an orc warrior.

Vanquished Creatures
  The ghost of Lordarticus the Slasher, an amateur DsGl of Nemelex Xobeh (D:5)
  A black bear (D:4)
  A phantom (D:6)
  A kobold brigand (D:4)
  A water moccasin zombie (D:6)
  2 bullfrog zombies (D:5)
  An orc priest (D:6)
  2 hounds (D:4)
  2 jellies
  Crazy Yiuf (D:2)
  Ijyb (D:5)
  2 orc wizards (D:4)
  A killer bee simulacrum (D:5)
  Robin (D:2)
  4 adders
  A hound simulacrum (D:5)
  A howler monkey simulacrum (D:5)
  2 white imps (D:5)
  2 ufetubi (D:5)
  An adder skeleton (D:5)
  A dart slug (D:2)
  6 orcs
  6 ball pythons
  5 bats
  13 endoplasms
  A giant cockroach (D:1)
  17 goblins
  11 hobgoblins
  9 kobolds
  4 quokkas
  2 frilled lizards
  6 rats
110 creatures vanquished.

Notes
Turn   | Place    | Note
-------+----------+-------------------------------------------
     0 | D:1      | pikapanic the Palentonga Fighter began the quest for the
                  | Orb.
     0 | D:1      | Reached XP level 1. HP: 19/19 MP: 1/1
   174 | D:1      | Reached XP level 2. HP: 24/25 MP: 2/2
   761 | D:1      | Reached XP level 3. HP: 22/31 MP: 3/3
  1072 | D:1      | Found a faded altar of an unknown god.
  1422 | D:2      | Identified 3 scrolls of acquirement
  1422 | D:2      | Acquired the +0 barding of the Storm King {rC+ Stlth+}
  1423 | D:2      | Acquired a +1 bardiche of protection
  1424 | D:2      | Acquired the +8 quarterstaff of Fympowot {speed, Will+}
  1720 | D:2      | Found a runed translucent door.
  1721 | D:2      | Noticed Crazy Yiuf
  1728 | D:2      | Killed Crazy Yiuf
  1729 | D:2      | Reached XP level 4. HP: 2/39 MP: 4/4
  2094 | D:2      | Reached skill level 1 in Staves
  2097 | D:2      | Noticed Robin
  2128 | D:2      | Killed Robin
  2672 | D:3      | Reached skill level 2 in Staves
  2737 | D:3      | Reached XP level 5. HP: 44/44 MP: 5/5
  2805 | D:3      | Found a stormy altar of Qazlal.
  2807 | D:3      | Noticed a water elemental
  2808 | D:3      | Noticed an air elemental
  2808 | D:3      | Noticed a fire elemental
  3007 | D:3      | Found a glowing silver altar of Zin.
  3236 | D:4      | Noticed a black bear
  3245 | D:4      | Killed a black bear
  3246 | D:4      | Reached skill level 3 in Staves
  3257 | D:4      | Reached skill level 4 in Staves
  3257 | D:4      | Reached XP level 6. HP: 22/51 MP: 6/6
  3426 | D:4      | Found a broken altar of Ashenzari.
  3432 | D:4      | Found a sacrificial altar of Ru.
  4043 | D:5      | Entered Level 5 of the Dungeon
  4138 | D:5      | Reached skill level 5 in Staves
  4138 | D:5      | Gained mutation: You curl defensively after being hit.
                  | [Palentonga growth]
  4138 | D:5      | Reached XP level 7. HP: 50/57 MP: 7/7
  4220 | D:5      | Found a staircase to the Ecumenical Temple.
  4236 | Temple   | Entered the Ecumenical Temple
  4353 | Temple   | Became a worshipper of Makhleb the Destroyer
  4483 | D:5      | Noticed Ijyb
  4528 | D:5      | Killed Ijyb
  4649 | D:5      | Found a runed translucent gate.
  4649 | D:5      | Found a runed translucent gate.
  4649 | D:5      | Found a runed translucent gate.
  4681 | D:5      | Noticed Lordarticus's ghost (amateur DsGl)
  4694 | D:5      | Killed Lordarticus's ghost
  4695 | D:5      | Reached skill level 6 in Staves
  4782 | D:5      | Noticed Eustachio
  4816 | D:6      | Found a sparkling altar of Nemelex Xobeh.
  4858 | D:6      | Reached skill level 7 in Staves
  4869 | D:6      | Reached XP level 8. HP: 49/64 MP: 8/8
  4905 | D:6      | Slain by an orc warrior

Illustrated notes

Levels and vault maps discovered:
D:1:      minmay_arrival_up_and_down, layout_basic,
          chequers_ecumenical_altar_simple_redux
D:2:      layout_basic, serial_rivers, chequers_serial_rivers_small_b,
          chequers_serial_rivers_micro_b, chequers_serial_rivers_small_b,
          chequers_serial_rivers_micro_d, uniq_crazy_yiuf_cottage, uniq_robin
D:3:      layout_basic, mainiacjoe_overflow_alcove_4,
          nicolae_qazlal_style_of_elements, corexii_shack
D:4:      layout_loops_cross, chequers_temple_overflow_statue_of_worship
D:5:      layout_basic, minmay_temple_entry_offerings, gammafunk_ghost_icy,
          uniq_ijyb, uniq_eustachio
D:6:      layout_basic, mainiacjoe_overflow_small_starburst,
          lemuel_crystal_altar, lightli_minifort, uniq_blork_the_orc
Temple:   jpeg_temple_alley_garden

Skill      XL: |  1  2  3  4  5  6  7 |
---------------+----------------------+-----
Armour         | 3 4 |  4.2
Staves         | 2 4 5 7 |  7.1
Fighting       | 4 |  4.3
Long Blades    | |  2.8
Stealth        | |  0.4
Shields        | |  2.4

Action                   |  1- 3 |  4- 6 |  7- 9 || total
-------------------------+-------+-------+-------++-------
Melee: Long sword        |    97 |       |       ||    97
       Tailslap          |    11 |     7 |     7 ||    25
       Quarterstaff      |    15 |   109 |    52 ||   176
 Abil: Rolling Charge    |    29 |    28 |     9 ||    66
  Use: Scroll            |     3 |     1 |     3 ||     7
Armor: Scale mail        |    47 |       |       ||    47
       Chain mail        |     3 |    69 |    30 ||   102
Dodge: Dodged            |    19 |     7 |     8 ||    34
Block: Kite shield       |    62 |       |       ||    62
       Rpst.: Long sword |     3 |       |       ||     3
